Map: Pillars of Gold LE

Players

ByuN

  • Race: Terran Terran
  • Spawn Location: 7:00

ShaDoWn - Winner!

  • Race: Protoss Protoss
  • Spawn Location: 1:00

Event: Cheeseadelphia Winter Championship 2021

VOD

Have the link to the VOD?

Description

Time

  • Played on: Jan. 24, 2021, 11:55 a.m.
  • Length: 12:26

All games in this series

Show
View Real Time Build Order
Export as new Build Order

ByuN Terran 

Build Orders: Cyclone Opening 

Get SALT Encoding   

  12  0:00  SCV  
  13  0:12  SCV  
  14  0:18  Supply Depot  
  14  0:24  SCV  
  15  0:29  Refinery  
  15  0:39  SCV  
  16  0:45  Barracks  
  16  0:51  SCV  
  17  1:04  SCV  
  18  1:14  Engineering Bay  
  18  1:16  SCV  
  19  1:32  Orbital Command, Marine  
  20  1:40  Factory  
  20  1:51  Barracks Reactor  
  20  1:58  Supply Depot  
  20  1:59  SCV  
  21  2:11  SCV  
  22  2:23  SCV  
  22  2:24  Command Center  
  22  2:26  Factory Tech Lab  
  23  2:30  Marine  
  23  2:31  Marine  
  23  2:35  SCV  
  26  2:44  Cyclone  
  26  2:49  Supply Depot  
  29  2:52  SCV  
  29  2:56  Refinery  
  29  2:57  Marine  
  31  3:11  SCV  
  32  3:16  Cyclone  
  35  3:23  Barracks, SCV  
  35  3:24  Marine  
  35  3:25  Marine  
  38  3:35  SCV  
  38  3:39  Orbital Command  
  39  3:43  Marine x2  
  39  3:47  SCV  
  42  3:53  Siege Tank  
  45  3:56  Orbital Command  
  45  3:59  SCV  
  45  4:02  Marine x2  
  47  4:11  SCV  
  47  4:13  Supply Depot  
  48  4:19  Supply Depot  
  48  4:22  Marine x2  
  48  4:23  SCV  
  51  4:25  SCV  
  52  4:33  Marine  
  52  4:35  Stimpack  
  52  4:36  SCV  
  52  4:37  SCV  
  55  4:43  Engineering Bay  
  55  4:47  Starport  
  55  4:50  Factory Reactor  
  56  4:54  SCV x2  
  56  4:58  Marine x2  
  56  4:59  Supply Depot  
  59  5:06  SCV x2  
  60  5:09  Supply Depot  
  60  5:10  Marauder  
  62  5:14  Terran Infantry Weapons Level 1  
  62  5:17  Refinery  
  62  5:20  Marine x2  
  65  5:24  SCV x2  
  66  5:32  Factory Tech Lab, Medivac x2  
  66  5:35  Marauder  
  72  5:36  SCV  
  72  5:38  SCV  
  72  5:41  Supply Depot  
  74  5:44  Marine x2  
  76  5:52  Siege Tank  
  76  5:53  Barracks  
  79  5:57  SCV x2  
  79  6:02  Marauder, Marine x2  
  85  6:06  Supply Depot  
  85  6:10  SCV x2  
  87  6:12  Refinery  
  87  6:14  Combat Shield  
  87  6:17  Starport Reactor  
  87  6:20  Marine x2  
  87  6:21  Missile Turret  
  87  6:22  SCV x2  
  91  6:29  Siege Tank  
  91  6:32  Marauder  
  96  6:37  Marine  
  96  6:38  Marine  
  100  6:50  Supply Depot  
  100  6:51  Supply Depot  
  100  6:54  Marauder  
  100  6:55  Marine x2  
  100  6:58  Marine x2  
  101  7:11  Medivac x2, Siege Tank  
  99  7:29  Marauder, Marine x2  
  85  7:32  Marine x2  
  85  7:36  Command Center  
  83  7:42  Concussive Shells  
  83  7:44  SCV x2  
  85  7:49  Marine x2  
  85  7:50  Marine x2  
  85  7:51  Marauder, Siege Tank  
  91  7:54  Barracks  
  91  7:55  Barracks  
  94  8:00  SCV x2  
  94  8:01  Terran Infantry Armor Level 1  
  94  8:02  Armory  
  94  8:03  Engineering Bay  
  96  8:08  Marine x3  
  96  8:09  Marine  
  96  8:12  Marauder  
  102  8:18  Medivac x2  
  106  8:25  Siege Tank  
  109  8:28  Marine x4  
  109  8:34  Marauder  
  115  8:44  Marine x2  
  115  8:46  Marine  
  118  8:51  Orbital Command  
  118  8:55  Marauder  
  120  8:59  Marine x3  
  122  9:15  Siege Tank  
  122  9:16  Marauder  
  122  9:20  Marine x2  
  122  9:21  Marine x2  
  105  9:33  Marine  
  105  9:38  Marauder  
  95  9:42  Marine  
  75  9:47  Marine x2  
  75  9:51  Marine  
  66  9:53  Marine x2  
  66  9:59  Marauder  
  69  10:00  Marine  
  69  10:05  Marine x2  
  67  10:09  Siege Tank, Marine  
  70  10:19  SCV  
  70  10:20  SCV x2  
  70  10:21  Marauder  
  74  10:22  Barracks Reactor, Barracks Tech Lab  
  74  10:23  Marine  
  74  10:25  Marine x2  
  74  10:27  Viking  
  79  10:29  Viking  
  79  10:31  SCV  
  79  10:32  SCV  
  83  10:37  SCV  
  83  10:39  Marine  
  83  10:41  Siege Tank  
  88  10:44  SCV  
  88  10:45  Marine x2  
  88  10:48  Marauder x2  
  88  10:49  Orbital Command, Marine  
  96  10:51  SCV  
  96  10:56  SCV  
  98  10:59  Viking x2  
  98  11:00  Marine x2  
  98  11:03  SCV  
  105  11:08  Marine  
  105  11:09  Marine  
  105  11:11  SCV  
  108  11:15  SCV  
  109  11:18  SCV  
  109  11:22  Marauder  
  109  11:23  Marauder, SCV, Marine  
  116  11:28  SCV  
  116  11:30  SCV, Marine x2  
  120  11:35  SCV  
  120  11:40  SCV  
  120  11:43  SCV  
  120  11:44  Marine  
  120  11:45  Marine x2  
  125  11:47  SCV  
  125  11:52  Marauder x2, SCV  
Show
View Real Time Build Order
Export as new Build Order

ShaDoWn Protoss - Winner!

Build Orders: Oracle Opening, Blink Stalkers 

Get SALT Encoding   

  12  0:00  Probe  
  13  0:12  Probe  
  14  0:17  Pylon  
  14  0:25  Probe (Chrono Boost)  
  15  0:30  Assimilator  
  15  0:37  Probe (Chrono Boost)  
  16  0:43  Probe (Chrono Boost)  
  16  0:46  Gateway  
  17  0:51  Probe  
  18  1:03  Probe  
  19  1:15  Probe  
  20  1:27  Probe  
  21  1:35  Zealot (Chrono Boost)  
  21  1:36  Cybernetics Core  
  21  1:39  Pylon  
  23  1:41  Assimilator  
  23  1:57  Probe  
  24  2:02  Pylon  
  24  2:10  Stalker (Chrono Boost), Probe  
  27  2:22  Nexus  
  27  2:26  Probe  
  28  2:32  Stargate  
  28  2:38  Probe  
  29  2:44  Warp Gate  
  29  2:50  Probe  
  30  2:53  Twilight Council  
  30  3:02  Probe  
  31  3:13  Oracle (Chrono Boost)  
  31  3:14  Probe  
  35  3:27  Gateway  
  35  3:31  Probe  
  36  3:34  Probe  
  37  3:41  Gateway  
  37  3:43  Probe  
  37  3:44  Blink (Chrono Boost)  
  37  3:47  Probe  
  39  3:55  Probe  
  39  3:59  Probe  
  38  4:03  Shield Battery  
  38  4:08  Probe  
  39  4:11  Probe  
  40  4:20  Probe  
  40  4:23  Probe  
  42  4:24  Pylon  
  42  4:31  Pylon  
  42  4:32  Stalker, Probe  
  42  4:35  Probe  
  46  4:41  Nexus  
  46  4:44  Stalker  
  48  4:46  Stalker  
  48  4:51  Probe x2  
  52  4:56  Stalker  
  54  5:03  Probe x2  
  54  5:05  Assimilator  
  56  5:07  Pylon  
  56  5:08  Stalker  
  56  5:12  Stalker  
  60  5:18  Probe  
  61  5:21  Charge (Chrono Boost)  
  61  5:24  Forge  
  61  5:33  Robotics Facility  
  62  5:35  Probe x2  
  62  5:37  Sentry  
  62  5:42  Gateway  
  65  5:47  Probe  
  65  5:48  Probe  
  67  5:51  Gateway  
  67  5:52  Gateway  
  67  5:54  Probe  
  68  6:00  Probe x2  
  68  6:02  Sentry  
  72  6:06  Probe  
  72  6:07  Protoss Ground Weapons Level 1  
  73  6:11  Zealot  
  73  6:12  Zealot, Probe  
  73  6:14  Pylon, Probe  
  79  6:24  Gateway, Pylon  
  79  6:28  Gateway, Observer (Chrono Boost)  
  80  6:37  Zealot x4  
  88  6:41  Shield Battery  
  88  6:43  Immortal (Chrono Boost)  
  92  6:50  Zealot x2  
  92  6:54  Pylon  
  96  7:00  Zealot x3  
  100  7:07  Pylon  
  100  7:20  Stalker x4  
  100  7:21  Zealot x3  
  106  7:29  Stalker  
  106  7:30  Probe  
  106  7:34  Probe  
  108  7:37  Warp Prism (Chrono Boost)  
  108  7:38  Probe  
  108  7:43  Probe  
  112  7:46  Probe  
  112  7:47  Pylon  
  112  7:48  Pylon  
  113  7:52  Robotics Bay  
  113  7:53  Probe  
  113  7:55  Assimilator x2, Probe  
  113  7:58  Probe  
  116  8:02  Pylon  
  116  8:06  Pylon  
  114  8:18  Probe  
  115  8:20  Probe  
  116  8:29  Protoss Ground Weapons Level 2 (Chrono Boost)  
  116  8:32  Assimilator, Nexus  
  116  8:33  Pylon  
  116  8:36  Colossus (Chrono Boost)  
  116  8:39  Extended Thermal Lance  
  122  8:44  Robotics Facility  
  122  8:56  Zealot x4  
  122  8:57  Zealot x4  
  136  9:13  Colossus (Chrono Boost)  
  137  9:20  Zealot x3  
  137  9:21  Zealot x5  
  139  9:33  Colossus  
  135  9:41  Zealot x4  
  135  9:45  Zealot x2  
  107  9:56  Probe  
  102  10:06  Zealot x5  
  102  10:07  Zealot x3  
  108  10:10  Zealot x7  
  108  10:11  Zealot  
  96  10:15  Observer  
  94  10:23  Templar Archives  
  100  10:32  Stalker x3  
  100  10:33  Sentry x2  
  100  10:34  Stalker, Colossus (Chrono Boost)  
  112  10:38  Stalker x2  
  116  10:56  Warp Prism (Chrono Boost)  
  118  10:57  Stalker x4  
  126  11:08  High Templar x3  
  126  11:09  High Templar  
  134  11:13  Archon, Pylon  
  134  11:14  Archon  
  134  11:18  Disruptor (Chrono Boost)  
  134  11:24  Zealot x2, High Templar x2  
  145  11:28  Archon, Observer (Chrono Boost)  
  144  11:41  Pylon  
  144  11:48  Disruptor  
  144  11:50  Zealot x4, High Templar x2  
  144  11:52  Probe  
  144  11:54  Pylon  
  160  11:57  Archon  
  160  12:00  Gateway  
  160  12:02  Gateway  
  154  12:14  Zealot x6  
Tags
 
Add a new tag
Caveats
  • Supply blocks, unpowered buildings, or Contaminate may cause inaccurate times.
  • Supply counts are checked every 10 seconds.